 Dungeon Crawl Stone Soup version 0.31-a0-506-g3d79149578 (webtiles) character file.

Game seed: 7471644835533315191

343 Ethylacetat the Sneak (level 6, 0/43 HPs)
             Began as an Octopode Gladiator on Aug 9, 2023.
             Slain by a water moccasin zombie (4 damage)
             ... on level 4 of the Dungeon.
             The game lasted 00:01:36 (1837 turns).

Ethylacetat the Sneak (Octopode Gladiator)          Turns: 1837, Time: 00:01:36

Health: 0/43       AC:  1    Str: 13    XL:     6   Next: 57%
Magic:  6/6        EV: 15    Int: 11    God:
Gold:   161        SH:  0    Dex: 15    Spells: 5/5 levels left

rFire   . . .        n - +4 dagger
rCold   . . .        (no shield)
rNeg    . . .        b - +0 hat
rPois   .            (no amulet)
rElec   .            (no ring)
rCorr   .            (no ring)
SInv    .            (no ring)
Will    .....        (no ring)
Stlth   ++++         (no ring)
HPRegen 0.27/turn    (no ring)
MPRegen 0.10/turn    (no ring)
                     (no ring)

%: no passive effects
@: no status effects
A: almost no armour, amphibious, 8 rings, camouflage 1, gelatinous body 1,
(nimble swimmer 1), tentacles
a: no special abilities


You were on level 4 of the Dungeon.
You visited 1 branch of the dungeon, and saw 4 of its levels.

You collected 161 gold pieces.

Inventory:

Hand Weapons
 n - a +4 dagger (weapon)
Missiles
 c - 3 throwing nets (quivered)
 d - a javelin
Armour
 b - a +0 hat (worn)
Jewellery
 i - a +4 ring of protection
 o - a ring of resist corrosion
Wands
 l - a wand of digging (5)
 m - a wand of paralysis (8)
 q - a wand of polymorph (11)
Scrolls
 a - a scroll of enchant armour {unknown}
 h - 2 scrolls of enchant weapon {unknown}
 k - a scroll of fog {unknown}
 p - a scroll of blinking {unknown}
 r - a scroll of immolation {unknown}
Potions
 e - a potion of curing {unknown}
 f - 2 potions of enlightenment {unknown}
 g - a potion of heal wounds {unknown}
 j - 2 potions of haste {unknown}


   Skills:
 + Level 4.0 Fighting
 - Level 3.7 Long Blades
 - Level 2.0 Throwing
 + Level 4.5 Dodging
 + Level 4.7 Stealth


You had 5 spell levels left.
You didn't know any spells.
Your spell library was empty.

Dungeon Overview and Level Annotations

Branches:
Dungeon (4/15)
 Temple: D:4-7

Altars:
Vehumet

Shops:
D:2 [


Innate Abilities, Weirdness & Mutations

You cannot wear most types of armour.
You are amphibious.
You can wear up to eight rings at the same time.
Your skin changes colour to match your surroundings (Stealth+).
Your rubbery body absorbs attacks. (AC +1, EV +1)
((You are camouflaged when in or above water. (Stealth+)))
You have tentacles for arms and can constrict up to eight enemies at once.


Message History

The bullfrog zombie attacks as you move away!
The bullfrog zombie hits you. The bullfrog zombie barely misses you.
You puncture the bullfrog zombie! You grab the bullfrog zombie.
The bullfrog zombie is moderately damaged.
You constrict the bullfrog zombie. The bullfrog zombie misses you.
You hit the bullfrog zombie. You squeeze the bullfrog zombie!
The bullfrog zombie is severely damaged.
You constrict the bullfrog zombie. The bullfrog zombie hits you.
The adder skeleton closely misses you.
You release your grip on the bullfrog zombie.
The bullfrog zombie attacks as you move away!
The bullfrog zombie misses you. The bullfrog zombie barely misses you.
You miss the phantom. Your squeeze misses the phantom.
The phantom is severely damaged.
The phantom hits you.
The phantom blinks!
You hit the phantom. You tentacle-slap the phantom. You squeeze the phantom.
You destroy the phantom!
Your Fighting skill increases to level 4!
You hit the water moccasin zombie. You grab the water moccasin zombie.
You squeeze the water moccasin zombie.
The water moccasin zombie is lightly damaged.
You constrict the water moccasin zombie.
The water moccasin zombie barely misses you.
You hit the water moccasin zombie.
The water moccasin zombie is moderately damaged.
You constrict the water moccasin zombie.
The water moccasin zombie bites you!
* * * LOW HITPOINT WARNING * * *
You hit the water moccasin zombie.
The water moccasin zombie is moderately damaged.
You constrict the water moccasin zombie.
The water moccasin zombie bites you.
* * * LOW HITPOINT WARNING * * *
You hit the water moccasin zombie but do no damage.
You tentacle-slap the water moccasin zombie.
The water moccasin zombie is heavily damaged.
You constrict the water moccasin zombie.
The water moccasin zombie bites you.
You die...

#........# ..# ..... #...#
#..#### #.# .....
##.<#####....###.##......
#...#.##.....##...#...#
###...#......#Z.....####
###.........Z.$......#
#.......###(ZZ#.##.........
......... #.#Z###..#..8..#.
..#.#.....###@# ##.#.......
#.......................#
#......##....###..###...#
#.....###....# #..# .###
..##.## ...... #... .
##...... #...... ##......


You could see a water moccasin zombie, a bullfrog zombie and an adder skeleton.

Vanquished Creatures
  Sigmund (D:3)
  A phantom (D:4)
  Ijyb (D:3)
  A gnoll (D:1)
  3 adders
  An adder zombie (D:4)
  A worm (D:2)
  3 dart slugs
  3 ball pythons
  5 bats
  4 endoplasms
  3 goblins
  2 hobgoblins
  5 jackals (D:1)
  A quokka (D:3)
  2 frilled lizards (D:1)
  6 kobolds
  6 rats
49 creatures vanquished.

Notes
Turn   | Place    | Note
-------+----------+-------------------------------------------
     0 | D:1      | Ethylacetat the Octopode Gladiator began the quest for the
                  | Orb.
     0 | D:1      | Reached XP level 1. HP: 14/14 MP: 1/1
    40 | D:1      | Reached skill level 1 in Stealth
    40 | D:1      | Reached XP level 2. HP: 12/19 MP: 2/2
   295 | D:1      | Reached XP level 3. HP: 25/25 MP: 3/3
   785 | D:2      | Found a radiant altar of Vehumet.
   817 | D:2      | Found Nighus's Armour Shop.
   861 | D:2      | Reached XP level 4. HP: 26/30 MP: 4/4
  1307 | D:3      | Noticed Ijyb
  1308 | D:3      | Paralysed by Ijyb for 4 turns
  1316 | D:3      | Killed Ijyb
  1443 | D:3      | Noticed Sigmund
  1450 | D:3      | Killed Sigmund
  1451 | D:3      | Reached XP level 5. HP: 37/37 MP: 5/5
  1451 | D:3      | Reached XP level 6. HP: 43/43 MP: 6/6
  1744 | D:3      | Identified the +9 short sword of the Contumacious God
                  | {protect, Str-4 Dex+4 Stlth+}
  1837 | D:4      | Slain by a water moccasin zombie

Illustrated notes

Levels and vault maps discovered:
D:1:      saegor_arrival_simple_e, layout_loops_ring
D:2:      layout_rooms, serial_shops, shop, basic_altar
D:3:      layout_basic, minmay_misc_feat_nine_boxes,
          amcnicky_mini_rare_corridor_liquid, uniq_sigmund, uniq_ijyb
D:4:      layout_cave_pools, lemuel_coloured_pillars_altar,
          grunt_dithmenos_smoke_and_mirrors, mainiacjoe_overflow_tiny_flanked,
          serial_undead, serial_undead_d, serial_undead_e, serial_undead_e,
          serial_undead_d

Skill      XL: |  1  2  3  4  5  6 |
---------------+-------------------+-----
Stealth        | 1 2 4 |  4.7
Fighting       | 3 4 |  4.0
Dodging        | 4 |  4.5
Long Blades    | |  3.7
Throwing       | |  2.0

Action                     |  1- 3 |  4- 6 || total
---------------------------+-------+-------++-------
  Melee: Long sword        |    64 |    16 ||    80
         Constrict         |    13 |    10 ||    23
         Tentacles         |     7 |    12 ||    19
         Punch             |     1 |     2 ||     3
         Dagger            |       |    25 ||    25
   Stab: Sleeping          |    10 |     5 ||    15
 Armour: Skin              |     3 |     6 ||     9
  Dodge: Dodged            |    37 |    34 ||    71

Table legend: (Time is in decaauts)
 A = Elapsed time spent in this place.
 B = Non-inter-level travel time spent in this place.
 C = Inter-level travel time spent in this place.
 D = Time resting spent in this place.
 E = Time spent auto-exploring this place.
 F = Levels seen in this place.
 G = Mean time per level.
                   A        B        C        D        E       F      G
               +--------+--------+--------+--------+--------+-----+--------+
         Total |   1852 |   1814 |     38 |      0 |   1489 |   4 |  463.0 |
       Dungeon |   1852 |   1814 |     38 |      0 |   1489 |   4 |  463.0 |
               +--------+--------+--------+--------+--------+-----+--------+

Top non-repeatable levels by time:
     D:1: 743 daAuts
     D:3: 604 daAuts
     D:2: 462 daAuts
     D:4: 43 daAuts
